 Dungeon Crawl Stone Soup version 0.28.0-53-g5a82cb258f (webtiles) character file.

Game seed: 14862973147564095761

557 Cape the Magician (level 7, -1/36 HPs)
             Began as a Deep Elf Earth Elementalist on Aug 10, 2022.
             Was an Elder of Ignis.
             Slain by a centaur (3 damage)
             ... on level 4 of the Dungeon.
             The game lasted 00:25:21 (4578 turns).

Cape the Magician (Deep Elf Earth Elementalist)     Turns: 4578, Time: 00:25:21

Health: -1/36      AC: 15    Str:  5    XL:     7   Next: 9%
Magic:  17/17      EV: 12    Int: 22    God:    Ignis [****..]
Gold:   84         SH:  9    Dex: 15    Spells: 16/17 levels left

rFire   + . .      SeeInvis .   i - staff of earth
rCold   . . .      Faith    .   e - +0 buckler
rNeg    . . .      Spirit   .   g - +3 leather armour
rPois   .          Reflect  +   (no helmet)
rElec   .          Harm     .   a - +0 cloak
rCorr   .          Rampage  .   m - +0 pair of gloves
Will    .....                   (no boots)
Stlth   ++........              j - amulet of reflection
HPRegen 0.12/turn               (no ring)
MPRegen 0.15/turn               (no ring)

@: fiery-armoured
A: no striking features
a: Renounce Religion, Fiery Armour, Foxfire Swarm, Rising Flame


You were on level 4 of the Dungeon.
You worshipped Ignis.
Ignis was greatly pleased with you.
You visited 1 branch of the dungeon, and saw 5 of its levels.

You collected 140 gold pieces.
You spent 56 gold pieces at shops.

Inventory:

Armour
 a - a +0 cloak (worn)
 e - a +0 buckler (worn)
 g - a +3 leather armour (worn)
 m - a +0 pair of gloves (worn)
Magical Staves
 i - a staff of earth (weapon)
Jewellery
 j - an amulet of reflection (around neck)
Wands
 q - a wand of flame (10)
Scrolls
 b - a scroll of teleportation {unknown}
 f - 2 scrolls of enchant weapon
 n - a scroll of magic mapping
 o - a scroll of immolation {unknown}
 p - 2 scrolls of blinking {unknown}
Potions
 k - a potion of flight
 l - a potion of invisibility


   Skills:
 + Level 2.2 Staves
 + Level 0.8 Armour
 + Level 4.0 Dodging
 + Level 4.3 Stealth
 + Level 0.9 Shields
 + Level 5.6 Spellcasting
 - Level 2.8 Transmutations
 + Level 4.5 Earth Magic
 + Level 1.1 Evocations


You had 16 spell levels left.
You knew the following spells:

 Your Spells              Type           Power      Damage    Failure   Level
a - Sandblast             Erth           78%        2d17      3%          1

Your spell library contained the following spells:

 Spells                   Type           Power      Damage    Failure   Level
 Passwall                 Tmut/Erth      27%        N/A       7%          2
 Stone Arrow              Conj/Erth      48%        3d10      24%         3
 Petrify                  Tmut/Erth      33%        N/A       41%         4


Dungeon Overview and Level Annotations

Branches:
Dungeon (5/15)
 Temple: D:4-7

Altars:
Ashenzari
Gozag
Ignis

Shops:
D:2 ?

Annotations:
D:4 Pikel


Message History

You block the centaur's attack.
The centaur kicks you but does no damage.
The centaur is burned by your cloak of flames.
The centaur is lightly wounded.
The iguana bites you!
* * * LOW HITPOINT WARNING * * *
The iguana is burned by your cloak of flames.
The iguana is lightly wounded.
The hobgoblin hits you but does no damage.
The hobgoblin is burned by your cloak of flames.
You kill the hobgoblin!
Activating: Foxfire Swarm
Press: ? - help, Dir - look around, f - activate Flames leap up around you!
You block the centaur's attack. x2
The iguana barely misses you. The centaur barely misses you.
You block the centaur's attack.
The foxfire hits the centaur but does no damage.
The centaur is lightly wounded.
The foxfire hits the iguana but does no damage.
The iguana is lightly wounded.
The foxfire hits the iguana.
The iguana is lightly wounded.
The foxfire hits the iguana but does no damage.
The iguana is lightly wounded.
The foxfire hits the centaur but does no damage.
The centaur is lightly wounded.
The foxfire hits the centaur.
The centaur is moderately wounded.
The foxfire hits the centaur but does no damage.
The centaur is moderately wounded.
The centaur closely misses you. The centaur barely misses you.
The iguana bites you but does no damage.
The iguana is burned by your cloak of flames.
The iguana is heavily wounded.
You climb downwards.
Level annotation: Pikel
There is a stone staircase leading up here.
You can't go down here!
Your cloak of flame flares fiercely!
The centaur hits you.
You die...

.....
+........#
.....
#........#
.....
#........#
.....
#........#
.....
#........#
.....
+........#
.....
#....l..#
.....
#....@..#
.....
#.....c.+
.....
#.......#
.....
#?......#
.....
#.......#
.....
#.......#
#........
#.......##


You could see a centaur and an iguana.

Vanquished Creatures
  A sky beast (D:3)
  A necrophage (D:3)
  2 lemures (D:3)
  A phantom (D:4)
  An orc priest (D:3)
  A hound (D:3)
  An iguana (D:3)
  3 orc wizards
  6 adders
  3 worms
  8 dart slugs
  11 orcs
  8 ball pythons
  4 bats
  An endoplasm (D:1)
  5 hobgoblins
  3 quokkas
  A frilled lizard (D:3)
  4 goblins
  5 kobolds
  4 rats
74 creatures vanquished.

Vanquished Creatures (others)
  7 foxfires (D:3)
  A plant (D:2)
8 creatures vanquished.

Grand Total: 82 creatures vanquished

Notes
Turn   | Place    | Note
-------+----------+-------------------------------------------
     0 | D:1      | Cape the Deep Elf Earth Elementalist began the quest for
                  | the Orb.
     0 | D:1      | Reached XP level 1. HP: 10/10 MP: 6/6
   478 | D:1      | Reached XP level 2. HP: 15/15 MP: 5/8
   954 | D:1      | Found a faded altar of an unknown god.
  1181 | D:1      | Prayed at the altar of an unknown god.
  1181 | D:1      | Became a worshipper of Ignis, the Dying Flame
  1425 | D:2      | Found Qeogawno's Magic Scroll Boutique.
  1583 | D:2      | Reached XP level 3. HP: 19/19 MP: 8/10
  1892 | D:2      | Found an opulent altar of Gozag.
  2051 | D:2      | Bought 2 scrolls of identify for 56 gold pieces
  2138 | D:2      | Reached skill level 4 in Spellcasting
  2322 | D:2      | Reached XP level 4. HP: 17/24 MP: 6/12
  2429 | D:3      | Reached skill level 1 in Staves
  2996 | D:3      | Reached XP level 5. HP: 28/28 MP: 10/13
  3027 | D:3      | Reached skill level 5 in Spellcasting
  3150 | D:3      | Noticed a sky beast
  3173 | D:3      | Killed a sky beast
  3174 | D:3      | Reached XP level 6. HP: 26/32 MP: 11/16
  4131 | D:4      | You fall into a shaft and drop 1 floor!
  4131 | D:5      | Entered Level 5 of the Dungeon
  4145 | D:5      | Found a broken altar of Ashenzari.
  4205 | D:4      | Noticed Pikel
  4568 | D:3      | Reached skill level 1 in Evocations
  4568 | D:3      | Reached XP level 7. HP: 18/36 MP: 17/17
  4578 | D:4      | Slain by a centaur

Illustrated notes

Levels and vault maps discovered:
D:1:      dpeg_arrival_shelter, layout_loops_corners,
          dreamdust_ecumenical_altar_hidden_monk_grotto
D:2:      layout_basic, basic_altar, serial_shops, nicolae_shop_stone,
          corexii_shack
D:3:      kennysheep_slugbush, layout_rooms, st_stairs_8
D:4:      layout_gridville, uniq_eustachio, uniq_pikel
D:5:      layout_loops_ring, ashenzari_conservatory_becter

Skill      XL: |  1  2  3  4  5  6 |
---------------+-------------------+-----
Stealth        | 3 4 |  4.3
Transmutations | 2 |  2.8
Spellcasting   | 4 5 |  5.6
Dodging        | 3 4 |  4.0
Staves         | 1 2 |  2.2
Earth Magic    | 4 |  4.5
Evocations     | 1 |  1.1
Armour         | |  0.8
Shields        | |  0.9

Action                   |  1- 3 |  4- 6 |  7- 9 || total
-------------------------+-------+-------+-------++-------
Melee: Unarmed           |    18 |       |       ||    18
       Staff             |    71 |   165 |       ||   236
 Cast: Sandblast         |    35 |    47 |       ||    82
Invok: Fiery Armour      |       |       |     2 ||     2
       Foxfire Swarm     |       |       |     1 ||     1
Evoke: Wand              |       |     2 |       ||     2
  Use: Scroll            |     1 |    10 |       ||    11
       Potion            |       |     3 |       ||     3
 Stab: Sleeping          |     2 |       |       ||     2
Armor: Robe              |    35 |       |       ||    35
       Leather armour    |       |    74 |     6 ||    80
Dodge: Dodged            |    65 |   123 |     7 ||   195
Block: Buckler           |    27 |   107 |     5 ||   139
